 Dungeon Crawl Stone Soup version 0.28-a0-1447-ga5a8893891 (webtiles) character file.

Game seed: 11282181792954002630

87 HallandMoats the Skirmisher (level 4, 0/35 HPs)
             Began as a Demonspawn Fighter on Jan 11, 2022.
             Was a Follower of Vehumet.
             Slain by an orc priest (2 damage)
             ... on level 3 of the Dungeon.
             The game lasted 00:01:26 (2460 turns).

HallandMoats the Skirmisher (Demonspawn Fighter)    Turns: 2460, Time: 00:01:27

Health: 0/35       AC:  6    Str: 18    XL:     4   Next: 28%
Magic:  5/5        EV:  9    Int:  9    God:    Vehumet [*.....]
Gold:   76         SH:  0    Dex: 13    Spells: 3/3 levels left

rFire   . . .      SeeInvis .   a - +0 war axe
rCold   . . .      Faith    .   c - +0 buckler
rNeg    . . .      Spirit   .   b - +0 scale mail
rPois   .          Reflect  .   (no helmet)
rElec   .          Harm     .   (no cloak)
rCorr   .          Rampage  .   (no gloves)
Will    .....                   (no boots)
Stlth   ..........              (no amulet)
HPRegen 0.11/turn               (no ring)
MPRegen 0.09/turn               (no ring)

@: confused
A: foul stench 1, condensation shield
a: Renounce Religion


You were on level 3 of the Dungeon.
You worshipped Vehumet.
Vehumet was aware of your devotion.
You visited 1 branch of the dungeon, and saw 3 of its levels.

You collected 76 gold pieces.

Inventory:

Hand Weapons
 a - a +0 war axe (weapon)
Armour
 b - a +0 scale mail (worn)
 c - a +0 buckler (worn)
Scrolls
 e - 3 scrolls of teleportation {unknown}
 h - a scroll of vulnerability {unknown}
 i - a scroll of magic mapping {unknown}
 j - a scroll of identify {unknown}
Potions
 d - a potion of might
 f - a potion of mutation {unknown}
 g - a potion of degeneration {unknown}


   Skills:
 * Level 3.4 Fighting
 * Level 2.5 Axes
 + Level 2.9 Armour
 + Level 0.9 Dodging
 + Level 1.0 Stealth
 + Level 3.0 Shields
 + Level 1.4 Invocations


You had 3 spell levels left.
You didn't know any spells.
Your spell library contained the following spells:

 Spells                   Type           Power      Damage    Failure   Level
 Magic Dart               Conj           0%         1d3       86%         1
 Call Canine Familiar     Summ           0%         N/A       99%         3
 Portal Projectile        Hex/Tloc       0%         N/A       99%         3
 Leda's Liquefaction      Hex/Erth       0%         N/A       100%        4


Dungeon Overview and Level Annotations

Branches:
Dungeon (3/15)

Altars:
Vehumet


Innate Abilities, Weirdness & Mutations

You may rarely emit foul miasma when damaged in melee.
A meltable shield of frost defends you. (SH +4)


Message History

Pain shoots through your body!
The orc priest miscasts a cantrip.
The orc hits you with a +0 mace. The orc completely misses you.
You feel less confused. You block the orc's attack.
A rat comes into view.
The orc hits you with a +0 mace.
The orc wizard mumbles some strange words.
The orc wizard flickers and vanishes!
Deactivating autopickup; reactivate with Ctrl-A.
The orc hits you but does no damage. The orc priest hits you with a +0 club.
The orc closely misses you.
Unknown command.
The orc closely misses you.
The orc priest hits you but does no damage.
You block the orc's attack.
Unknown command.
You hear some strange, mumbled words.
Something tries to affect you, but you resist.
You block the orc's attack. You block the orc priest's attack.
The orc barely misses you.
Unknown command.
Something hits you. You block the orc's attack.
The orc priest hits you but does no damage.
The orc priest hits you with a +0 hand axe.
You emit a cloud of foul miasma!
Something hits you.
* * * LOW HITPOINT WARNING * * *
The orc hits you with a +0 mace.
* * * LOW HITPOINT WARNING * * *
Something hits you but does no damage. The orc hits you but does no damage.
The orc priest barely misses you.
The orc priest is engulfed in dark miasma.
The orc priest is poisoned.
The orc priest closely misses you. The orc closely misses you.
Unknown command.
You hear some strange, mumbled words.
You are confused.
The orc barely misses you. The orc priest hits you with a +0 club.
You die...

#.#.#.##.#.... ...
.###...#.##.##### .$..
..##.#.#..#.#####
....####.##.####.#.#....
.........##......†.#.###
........##.####.###<#
........#.## #.######
#..o....# #......#
#.@o....# ######.#
#.oo....# #.## #.r.....#
#.#. #.....>.# #.#.
#.......# #.#. #.......#
#.#. #.......# #.##
#.......# #.## #.##


You could see 2 orc priests, 2 orcs and a rat.

Vanquished Creatures
  4 adders (D:2)
  A worm (D:2)
  10 ball pythons
  3 endoplasms (D:2)
  2 giant cockroaches (D:1)
  5 goblins
  A hobgoblin (D:2)
  3 jackals (D:2)
  4 kobolds
  4 quokkas
  4 bats
  2 frilled lizards
  6 rats
49 creatures vanquished.

Vanquished Creatures (others)
  A fungus (D:2)
  2 plants (D:2)
3 creatures vanquished.

Grand Total: 52 creatures vanquished

Notes
Turn   | Place    | Note
-------+----------+-------------------------------------------
     0 | D:1      | HallandMoats the Demonspawn Fighter began the quest for the
                  | Orb.
     0 | D:1      | Reached XP level 1. HP: 18/18 MP: 1/1
   297 | D:1      | Gained mutation: You may rarely emit foul miasma when
                  | damaged in melee. [demonic ancestry]
   297 | D:1      | Reached XP level 2. HP: 23/24 MP: 2/2
  1030 | D:2      | Reached skill level 1 in Invocations
  1030 | D:2      | Gained mutation: A meltable shield of frost defends you.
                  | (SH +4) [demonic ancestry]
  1030 | D:2      | Reached XP level 3. HP: 25/29 MP: 3/3
  1332 | D:2      | Reached XP level 4. HP: 4/35 MP: 3/5
  2080 | D:2      | Reached skill level 1 in Stealth
  2087 | D:2      | Found a faded altar of an unknown god.
  2097 | D:2      | Prayed at the altar of an unknown god.
  2097 | D:2      | Became a worshipper of Vehumet
  2097 | D:2      | Reached * piety under Vehumet
  2097 | D:2      | Offered knowledge of Magic Dart by Vehumet.
  2460 | D:3      | Slain by an orc priest

Illustrated notes

Levels and vault maps discovered:
D:1:      amcnicky_arrival_single_pillar, layout_loops_ring
D:2:      layout_basic, shapermc_ecumenical_altar_hornbeckon, grunt_ministairs_9
D:3:      layout_basic, uniq_robin

Skill      XL: |  1  2  3  4 |
---------------+-------------+-----
Axes           | 2 |  2.5
Invocations    | 1 |  1.4
Shields        | 3 |  3.0
Stealth        | 1 |  1.0
Fighting       | |  3.4
Armour         | |  2.9
Dodging        | |  0.9

Action                   |  1- 3 |  4- 6 || total
-------------------------+-------+-------++-------
Melee: War axe           |    83 |    24 ||   107
Armor: Scale mail        |    36 |     8 ||    44
Dodge: Dodged            |    45 |    14 ||    59
Block: Buckler           |    33 |    13 ||    46

Table legend: (Time is in decaauts)
 A = Elapsed time spent in this place.
 B = Non-inter-level travel time spent in this place.
 C = Inter-level travel time spent in this place.
 D = Time resting spent in this place.
 E = Time spent auto-exploring this place.
 F = Levels seen in this place.
 G = Mean time per level.
                   A        B        C        D        E       F      G
               +--------+--------+--------+--------+--------+-----+--------+
         Total |   2511 |   2387 |    124 |    278 |   1802 |   3 |  837.0 |
       Dungeon |   2511 |   2387 |    124 |    278 |   1802 |   3 |  837.0 |
               +--------+--------+--------+--------+--------+-----+--------+

Top non-repeatable levels by time:
     D:2: 1257 daAuts
     D:1: 983 daAuts
     D:3: 271 daAuts
